 Dungeon Crawl Stone Soup version 0.27-a0-96-gb51a1d6fd6 (webtiles) character file.

Game seed: 3125172401987586738

266 knot the Chopper (level 6, 26/70 HPs)
             Began as a Demonspawn Berserker on Jan 19, 2021.
             Was a Believer of Trog.
             Quit the game on level 3 of the Dungeon.
             The game lasted 00:02:43 (1699 turns).

knot the Chopper (Demonspawn Berserker)             Turns: 1699, Time: 00:02:43

Health: 26/70      AC:  7    Str: 17    XL:     6   Next: 0%
Magic:  1/6        EV:  7    Int: 11    God:    Trog [**....]
Gold:   117        SH:  0    Dex: 12    Spells: 5/5 levels left

rFire    . . .     SeeInvis .   m - +0 war axe
rCold    . . .     Faith    .   (no shield)
rNeg     . . .     Spirit   +   g - +1 ring mail
rPois    .         Reflect  .   k - +0 helmet
rElec    .         Harm     .   (no cloak)
rCorr    .         Rampage  .   (no gloves)
Will     .....                  (no boots)
Stlth    ..........             (no amulet)
HPRegen  0.21/turn              j - -4 ring of evasion (curse)
MPRegen  0.10/turn              (no ring)

@: berserking, very quick
A: spiny 1, magic shield
a: Renounce Religion, Berserk, Trog's Hand


You were on level 3 of the Dungeon.
You worshipped Trog.
Trog was pleased with you.
You visited 1 branch of the dungeon, and saw 4 of its levels.

You collected 117 gold pieces.

Inventory:

Hand Weapons
 m - a +0 war axe (weapon)
Missiles
 b - 52 stones
 e - 74 sling bullets
 l - 8 boomerangs (quivered)
Armour
 g - a +1 ring mail (worn)
 k - a +0 helmet (worn)
Jewellery
 j - a cursed -4 ring of evasion (left hand)
Scrolls
 f - 2 scrolls of identify
Potions
 d - 2 potions of heal wounds


   Skills:
 - Level 3.0 Fighting
 * Level 5.1 Axes
 * Level 3.1 Throwing
 - Level 1.7 Armour
 - Level 1.7 Dodging


You had 5 spell levels left.
You didn't know any spells.
Your spell library was empty.

Dungeon Overview and Level Annotations

Branches:
Dungeon (4/15)
 Temple: D:4-7

Altars:
Ru


Innate Abilities, Weirdness & Mutations

You are partially covered in sharp spines.
When hurt, damage is shared between your health and your magic reserves.


Message History

You kill the hobgoblin!
Trog accepts your kill.
You barely miss the ogre. The ogre closely misses you.
You slice the ogre!!
The ogre is severely wounded.
The ogre hits you with a +0 giant club!!
You are too injured to fight recklessly!
You are too injured to fight recklessly!
You are too injured to fight recklessly!
You slash the ogre!
You kill the ogre!
Trog accepts your kill.
Your Axes skill increases to level 5!
Your Throwing skill increases to level 3!
You have reached level 6!
Your experience leads to an increase in your attributes!
Increase (S)trength, (I)ntelligence, or (D)exterity?
You feel clever.
Your demonic ancestry asserts itself...
Sharp spines emerge from parts of your body.
Are you sure you want to abandon this character and quit the game? (Confirm with "yes".)

#... .... ...#
..... #..#
#.... #..# ....
#..#
#..#..###..#
......)?#..#
#@#..# #).†.#
#.##.# ...##.#
#.####.# ...
#.# ##. #.# #
#.#############
#.............#


There were no monsters in sight!

Vanquished Creatures
  An ogre (D:3)
  A centaur skeleton (D:4)
  An orc priest (D:4)
  2 worker ants (D:4)
  3 gnolls (D:3)
  A dart slug (D:1)
  A leopard gecko (D:1)
  4 orcs
  7 bats
  4 giant cockroaches
  7 goblins
  3 hobgoblins
  4 jackals
  3 frilled lizards (D:1)
  3 kobolds
  3 rats
48 creatures vanquished.

Notes
Turn   | Place    | Note
-------+----------+-------------------------------------------
     0 | D:1      | knot the Demonspawn Berserker began the quest for the Orb.
     0 | D:1      | Reached XP level 1. HP: 18/18 MP: 1/1
    59 | D:1      | Reached skill level 3 in Axes
   219 | D:1      | Gained mutation: When hurt, damage is shared between your
                  | health and your magic reserves. [demonic ancestry]
   219 | D:1      | Reached XP level 2. HP: 24/24 MP: 2/2
   869 | D:2      | Reached XP level 3. HP: 22/29 MP: 3/3
   946 | D:2      | You fall into a shaft and drop 2 floors!
   967 | D:4      | Reached ** piety under Trog
   968 | D:4      | Reached skill level 4 in Axes
   968 | D:4      | Reached skill level 1 in Throwing
   968 | D:4      | Reached XP level 4. HP: 35/35 MP: 1/4
  1082 | D:4      | Found a sacrificial altar of Ru.
  1094 | D:4      | Reached XP level 5. HP: 22/41 MP: 1/5
  1686 | D:3      | Noticed an ogre
  1698 | D:3      | Killed an ogre
  1699 | D:3      | Reached skill level 5 in Axes
  1699 | D:3      | Gained mutation: You are partially covered in sharp spines.
                  | [demonic ancestry]
  1699 | D:3      | Reached XP level 6. HP: 26/47 MP: 1/6
  1699 | D:3      | Quit the game

Illustrated notes

Levels and vault maps discovered:
D:1:      wander_arrival_desolate, layout_rooms
D:2:      layout_basic, old_standard_altar, lemuel_round_altar
D:3:      layout_loops_ring
D:4:      layout_loops_ring, nzn_hepliaklqana_mist_gate, nicolae_ru_awakened_eye

Skill      XL: |  1  2  3  4  5 |
---------------+----------------+-----
Axes           | 3 4 5 |  5.1
Throwing       | 1 2 3 |  3.1
Fighting       | |  3.0
Armour         | |  1.7
Dodging        | |  1.7

Action                   |  1- 3 |  4- 6 || total
-------------------------+-------+-------++-------
Melee: Hand axe          |    85 |     9 ||    94
       War axe           |       |    39 ||    39
Throw: Boomerang         |       |    12 ||    12
Invok: Berserk           |     2 |     3 ||     5
       Trog's Hand       |       |     1 ||     1
  Use: Scroll            |       |     5 ||     5
Armor: Animal skin       |    10 |       ||    10
       Ring mail         |    42 |    36 ||    78
Dodge: Dodged            |    59 |    11 ||    70

Table legend: (Time is in decaauts)
 A = Elapsed time spent in this place.
 B = Non-inter-level travel time spent in this place.
 C = Inter-level travel time spent in this place.
 D = Time resting spent in this place.
 E = Time spent auto-exploring this place.
 F = Levels seen in this place.
 G = Mean time per level.
                   A        B        C        D        E       F      G
               +--------+--------+--------+--------+--------+-----+--------+
         Total |   1759 |   1734 |     25 |    732 |    685 |   4 |  439.8 |
       Dungeon |   1759 |   1734 |     25 |    732 |    685 |   4 |  439.8 |
               +--------+--------+--------+--------+--------+-----+--------+

Top non-repeatable levels by time:
     D:1: 878 daAuts
     D:3: 435 daAuts
     D:4: 354 daAuts
     D:2: 91 daAuts
